 Dungeon Crawl Stone Soup version 0.21-a0-578-gc6e9d75 (webtiles) character file.

675606 Charly the Phalangite (level 27, -2/209 HPs)
             Began as a Merfolk Gladiator on Dec 18, 2017.
             Was the Champion of Zin.
             Slain by a slime creature (10 damage)
             ... on level 1 of the Pits of Slime on Dec 19, 2017.
             The game lasted 05:20:18 (71593 turns).

Charly the Phalangite (Merfolk Gladiator)          Turns: 71593, Time: 05:20:18

Health: -2/209     AC: 14    Str: 19 (22) XL:     27
Magic:  13/42      EV: 22    Int: 22      God:    Zin [******]
Gold:   588        SH: 24    Dex: 37      Spells: 30/46 levels left

rFire    + + +     SeeInvis .   a - +9 trishula (holy)
rCold    + + .     Gourm    .   H - +1 large shield of the Modern Places {rF+ MR+ MP+9 Dex+4}
rNeg     . . .     Faith    .   F - +9 scales of the Dragon King {rPois rF+ rC+ MR+}
rPois    ∞         Spirit   .   r - +2 helmet {Int+3}
rElec    +         Reflect  .   n - +1 cloak of Starlight {rElec rC+ EV+4 Stlth--}
rCorr    .         Harm     .   s - +0 pair of fencer's gloves {+Riposte Dex+3}
MR       ++++.     Rnd*Tele +   q - +2 pair of boots {Fly}
Stlth    ..........             w - amulet "Xileytyw" {rPois Regen+ Str+3 Int+3 Dex+4}
HPRegen  0.84/turn              T - ring of Robustness {AC+8}
MPRegen  0.28/turn              f - ring of Anwoy {+Inv rF+ Int+3}

@: vitalised, corroded, very slightly contaminated
A: change form in water, swift swim, stealthy swim, icy blue scales 1,
deterioration 1, frail 1, low mp 1, mutation resistance 2, teleportitis 1, weak
2
}: 4/15 runes: barnacled, silver, abyssal, gossamer
a: Recite, Vitalisation, Imprison, Sanctuary, Donate Gold, Renounce Religion,
Evoke Invisibility, Evoke Flight


You were on level 1 of the Pits of Slime.
You worshipped Zin.
Zin was exalted by your worship.
You were not hungry.

You visited 12 branches of the dungeon, and saw 51 of its levels.
You visited the Abyss 2 times.
You visited 1 bazaar.
You visited 1 ziggurat, and saw 10 of its levels.
You also visited: Trove, Volcano and Wizlab.

You collected 35446 gold pieces.
You spent 17254 gold pieces at shops.
You donated 1785 gold pieces to Zin.
You paid 15819 gold pieces to Gozag.

Inventory:

Hand Weapons
 a - a +9 trishula of holy wrath (weapon)
Missiles
 x - 10 throwing nets
 S - 5 javelins of penetration (quivered)
Armour
 n - the +1 cloak of Starlight (worn) {rElec rC+ EV+4 Stlth--}
   (You found it on level 5 of a ziggurat)

   It affects your evasion (+4).
   It protects you from cold.
   It insulates you from electricity.
   It makes you much less stealthy.
 q - a +2 pair of boots of flying (worn)
 r - a +2 helmet of intelligence (worn)
 s - the +0 pair of fencer's gloves (worn) {+Riposte Dex+3}
   (You bought it in a shop on level 4 of the Lair of Beasts)

   It affects your dexterity (+3).
 F - the +9 scales of the Dragon King (worn) {rPois rF+ rC+ MR+}
   (You bought it in a shop on level 1 of the Vaults)

   It protects you from fire.
   It protects you from cold.
   It protects you from poison.
   It affects your resistance to hostile enchantments.
 H - the +1 large shield of the Modern Places (worn) {rF+ MR+ MP+9 Dex+4}
   (You took it off a deep elf high priest on level 5 of the Vaults)

   It affects your dexterity (+4).
   It protects you from fire.
   It affects your resistance to hostile enchantments.
   It affects your magic capacity (+9).
 W - the +2 cloak of the Thief {+Fog Slay-2 SInv Stlth+}
   (You bought it in a shop on level 15 of the Dungeon)

   It affects your accuracy and damage with ranged weapons and melee attacks
   (-2).
   It lets you see invisible.
   It makes you more stealthy.
Jewellery
 c - the ring "Zuyra" {rC+ Dex+3}
   (You bought it in a shop on level 10 of the Dungeon)

   [ring of protection from cold]

   It affects your dexterity (+3).
   It protects you from cold.
 e - the ring "Riorufur" {rElec rPois}
   (You took it off a deep elf mage on level 5 of the Vaults)

   [ring of poison resistance]

   It insulates you from electricity.
   It protects you from poison.
 f - the ring of Anwoy (right hand) {+Inv rF+ Int+3}
   (You bought it in a shop on level 10 of the Dungeon)

   [ring of intelligence]

   It affects your intelligence (+3).
   It protects you from fire.
   It lets you turn invisible.
 m - the ring "Vocidgha" {rPois MR+}
   (You bought it in a shop on level 10 of the Dungeon)

   [ring of protection from magic]

   It protects you from poison.
   It affects your resistance to hostile enchantments.
 w - the amulet "Xileytyw" (around neck) {rPois Regen+ Str+3 Int+3 Dex+4}
   (You took it off a deep elf demonologist on level 3 of the Elven Halls)

   [amulet of regeneration]

   It affects your strength (+3).
   It affects your intelligence (+3).
   It affects your dexterity (+4).
   It protects you from poison.
   It increases your rate of regeneration.
 T - the ring of Robustness (left hand) {AC+8}
   (You bought it in a shop on level 3 of the Elven Halls)

   [ring of protection]

   It affects your AC (+8).
Wands
 b - a wand of scattershot (4)
 i - a wand of iceblast (26)
 N - a wand of digging (83)
Scrolls
 j - 11 scrolls of fog
 l - 15 scrolls of teleportation
 o - 30 scrolls of remove curse
 p - a scroll of holy word
 u - a scroll of silence
 y - 4 scrolls of fear
 J - 4 scrolls of identify
 K - 8 scrolls of blinking
 U - 3 scrolls of enchant armour
 Y - 2 scrolls of enchant weapon
 Z - 3 scrolls of magic mapping
Potions
 d - 20 potions of curing
 g - 8 potions of flight
 k - 12 potions of heal wounds
 t - 5 potions of cancellation
 A - 4 potions of brilliance
 B - 10 potions of berserk rage
 D - 3 potions of ambrosia
 E - 5 potions of might
 G - 7 potions of haste
 L - 6 potions of agility
 Q - 4 potions of magic
 V - 2 potions of resistance
Miscellaneous
 h - a lightning rod (4/4)
 v - a fan of gales
 C - a lamp of fire
 I - 6 sacks of spiders
 M - 3 phantom mirrors
 R - a phial of floods
Comestibles
 O - 36 rations


   Skills:
 - Level 22.5 Fighting
 - Level 25.2 Polearms
 - Level 7.5 Throwing
 * Level 14.1 Armour
 - Level 22.4 Dodging
 - Level 10.0 Stealth
 + Level 18.2 Shields
 - Level 10.4 Spellcasting
 - Level 6.3 Hexes
 - Level 14.3 Charms
 - Level 5.0 Summonings
 - Level 6.0 Translocations
 - Level 10.1 Air Magic
 * Level 13.3 Invocations
 - Level 15.0 Evocations


You had 30 spell levels left.
You knew the following spells:

 Your Spells              Type           Power        Failure   Level  Hunger
a - Apportation           Tloc           #####.       65%         1    None
b - Blink                 Tloc           N/A          78%         2    None
d - Deflect Missiles      Chrm/Air       ######....   100%        6    ######.
l - Lesser Beckoning      Tloc           #####.....   95%         3    None
s - Summon Butterflies    Summ           ####....     78%         1    None
w - Spectral Weapon       Hex/Chrm       ######..     38%         3    None


Dungeon Overview and Level Annotations

Branches:
Dungeon (15/15)            Temple (1/1) D:6            Lair (6/6) D:10
 Shoals (4/4) Lair:4       Spider (4/4) Lair:4        Slime (2/5) Lair:5
    Orc (2/2) D:12            Elf (3/3) Orc:2        Vaults (5/5) D:13
  Crypt (3/3) Vaults:3       Tomb (1/3) Crypt:3      Depths (5/5) D:15
    Zot (0/5) Depths:5

Altars:
Ashenzari
Cheibriados
Dithmenos
Elyvilon
Fedhas
Gozag
Hepliaklqana
Kikubaaqudgha
Makhleb
Nemelex Xobeh
Okawaru
Qazlal
Ru
Sif Muna
Trog
Uskayaw
Wu Jian
Xom
Yredelemnul
Zin
The Shining One
Beogh

Shops:
D:9 (   D:10 =   D:12 [   D:14 !   D:15 =[   Orc:2 }([:   Elf:2 !((}}
Elf:3 =[[}   Lair:4 [   Shoals:3 (   Vaults:1 [[:   Depths:1 =}=

Portals:
Hell: Depths:1 Depths:2 Depths:3 Depths:4 Depths:5
Abyss: Depths:2 Depths:3 Depths:4
Pandemonium: Depths:3 Depths:5

Annotations:
D:11 Gastronok
D:15 exclusion: Roxanne, Roxanne


Innate Abilities, Weirdness & Mutations

You revert to your normal form in water.
You are very nimble and swift while swimming.
You are very stealthy in the water. (Stealth+)
You are partially covered in icy blue scales. (AC +2)
Your body sometimes deteriorates upon taking damage.
You are frail. (-10% HP)
Your magical capacity is low. (-10% MP)
You are somewhat resistant to both further mutation and mutation removal.
You are occasionally teleported next to monsters.
You are very weak. (Str -4)


Message History

The eye of draining gazes at you.
You feel your power leaking away.
Unknown command.
You block the slime creature's attack.
Unknown command.
The great orb of eyes is no longer covered in acid.
Unknown command.
Unknown command.
Unknown command.
Unknown command.
Unknown command.
Unknown command.
Unknown command.
Unknown command.
Evoke which item? (* to show all) (? for menu, Esc to quit)
Okay, then.
Gozag petitions for your drink to fail.
You block the great orb of eyes's attack.
The slime creature hits you!
You die...

##.........#.....#
..........#......##
..................#
.....#............##
................>..#
...............JGG##
<.................#
.........#.....GJ.#
.........#......@.#
#.......###.......#
##......##........#
#........#.......##
......#.##........
..................
........#.........
........##..#....##
......... ##.


You could see a great orb of eyes, a large slime creature, a slime creature, a
shining eye and an eye of draining.

Vanquished Creatures
  4 ancient liches (Crypt:3)
  An orb of fire (Zig:6)
  A juggernaut (Depths:4)
  Sojobo (Depths:2)
  A greater mummy (Tomb:1)
  3 caustic shrikes (Depths:4)
  2 profane servitors
  4 bone dragons (Abyss:4)
  A golden dragon (Vaults:5)
  Nikola (Spider:3)
  3 liches
  A hellephant (Abyss:3)
  4 tentacled monstrosities
  2 deep elf blademasters (Elf:3)
  Asterion (Spider:4)
  A quicksilver dragon (Vaults:5)
  A deep elf master archer (Elf:3)
  2 titans (Vaults:5)
  An eldritch tentacle (WizLab)
  5 acid blobs
  18 sphinxes
  An Executioner (Abyss:4)
  16 tentacled starspawn
  8 tengu reavers
  3 ancient champions
  A thorn hunter (Zig:5)
  A storm dragon (Vaults:5)
  Donald (Shoals:2)
  7 shadow dragons
  3 revenants
  13 fire giants
  Ilsuiw (Shoals:4)
  7 emperor scorpions
  10 frost giants
  A draconian knight (Abyss:4)
  5 deep elf sorcerers
  18 vault wardens
  4 cacodemons (Abyss:4)
  4 ghost moths (Spider:4)
  4 balrugs
  4 iron dragons
  6 azure jellies
  The ghost of Amnesiac the Unseen, an adept FeEE of Ashenzari (Depths:1)
  An orc warlord (Orc:2)
  Louise (Shoals:3)
  An iron dragon (shapeshifter) (Vaults:5)
  2 draconian scorchers (Depths:5)
  3 deep elf elementalists
  3 curse skulls
  7 ghouls
  13 ironheart preservers
  17 stone giants
  3 reapers (Zig:10)
  A juggernaut skeleton (Depths:2)
  38 very ugly things
  6 war gargoyles
  6 entropy weavers
  5 vampire knights
  12 deep elf demonologists
  A green draconian (Depths:5)
  Azrael (D:14)
  2 yellow draconians (Depths:5)
  A white draconian (Depths:5)
  The ghost of mortelune the Arsonist, a journeyman DrFE of Sif Muna (Volcano)
  4 deep elf annihilators
  12 spark wasps
  A blizzard demon (Abyss:3)
  Snorg (D:14)
  A purple draconian (shapeshifter) (Vaults:5)
  8 ettins
  3 eidola
  A purple draconian (Depths:5)
  3 merfolk javelineers
  6 mummy priests (Tomb:1)
  17 deep elf death magi
  4 deep elf high priests
  A quicksilver dragon zombie (Crypt:2)
  A crystal guardian (Vaults:5)
  7 fire dragons
  3 death oozes
  15 yaktaur captains
  3 green deaths
  10 merfolk impalers
  8 great orbs of eyes
  10 jiangshi
  15 ogre magi
  10 rakshasas
  Erolcha (D:9)
  11 ice dragons
  27 vault guards
  6 hydras
  2 spriggan air magi
  A quicksilver dragon skeleton (Depths:2)
  2 catoblepae (Lair:6)
  An alligator snapping turtle (Shoals:1)
  11 centaur warriors
  2 death knights
  7 merfolk aquamancers
  4 merfolk avatars
  49 two-headed ogres
  An alligator (Abyss:3)
  9 deep troll shamans
  4 death scarabs (Tomb:1)
  A hell hog (Zig:10)
  6 tengu warriors
  A queen ant (Lair:5)
  11 deep troll earth magi
  10 death yaks (Lair:4)
  7 vampire magi
  A satyr (Shoals:3)
  The ghost of vishdafish the Pannier, a novice DsSk of Nemelex Xobeh (D:10)
  A dancing weapon (Zig:7)
  A titan zombie (Crypt:2)
  3 orc high priests
  3 spriggan berserkers
  8 thrashing horrors (Abyss:4)
  A storm dragon zombie (Crypt:3)
  15 hell knights
  4 soul eaters
  7 wretched stars
  6 shadow wraiths
  3 sun demons
  4 sixfirhies
  25 deep elf knights
  7 iron trolls
  3 fire crabs (Zig:6)
  2 salamander mystics (Zig:1)
  2 titan skeletons
  An anaconda zombie (Crypt:3)
  52 skeletal warriors
  16 sea snakes
  3 storm dragon skeletons
  46 deep trolls
  4 unseen horrors
  7 wizards
  A spriggan druid (Depths:1)
  An obsidian statue (WizLab)
  13 flayed ghosts
  A swamp dragon (Zig:5)
  8 glowing orange brains
  14 phantasmal warriors
  28 deep elf archers
  4 lindwurms (Lair:6)
  12 necromancers
  2 anaconda skeletons (Volcano)
  A sphinx zombie (Zig:9)
  28 harpies
  25 wolf spiders
  11 ironbrand convokers
  3 golden dragon skeletons (Depths:2)
  3 orc sorcerers (Orc:2)
  A wolf spider zombie (D:15)
  13 orc knights
  A tengu zombie (Zig:10)
  77 deep elf magi
  11 shining eyes
  16 orb spiders
  A mana viper (shapeshifter) (Depths:3)
  A faun (Shoals:1)
  2 fire giant zombies
  3 iron dragon skeletons (Depths:2)
  The ghost of Megalobster the Covert, a novice SpEn of Makhleb (D:8)
  A faun (shapeshifter) (Elf:3)
  19 manticores
  6 black mambas
  6 worldbinders
  56 ugly things
  7 tengu skeletons
  A stone giant skeleton (Depths:2)
  6 cyclopes
  A sphinx skeleton (Depths:2)
  An elephant (shapeshifter) (Vaults:2)
  3 salamanders (Depths:1)
  2 rust devils
  An elephant (Abyss:3)
  3 moths of wrath (Depths:4)
  The ghost of Ketzopolo the Arsonist, a novice DEFE (D:7)
  8 merfolk sirens
  17 fire giant skeletons
  6 water nymphs
  48 large abominations
  23 vault sentinels
  4 frost giant skeletons
  A dire elephant skeleton (Crypt:3)
  2 apocalypse crabs
  A torpor snail (Spider:1)
  7 hellions
  2 eyes of devastation
  A naga mage (Abyss:3)
  2 orange demons
  9 smoke demons
  A shock serpent skeleton (Crypt:1)
  4 spriggan skeletons (Depths:2)
  11 gargoyles
  A komodo dragon (shapeshifter) (Abyss:4)
  An emperor scorpion zombie (Crypt:3)
  13 spiny frogs
  2 centaur skeletons
  A yaktaur zombie (Vaults:2)
  53 yaktaurs
  A yaktaur (shapeshifter) (Vaults:2)
  2 tormentors
  A kobold demonologist (D:15)
  9 freezing wraiths
  2 spriggan zombies
  An efreet (Abyss:4)
  7 komodo dragons
  11 demonic crawlers
  3 tengu conjurers
  A rime drake (Lair:3)
  2 hellwings
  7 ice devils
  A ghost moth simulacrum (Abyss:4)
  2 silent spectres
  10 guardian mummies (Tomb:1)
  A queen bee (shapeshifter) (Vaults:1)
  16 ancient zymes
  28 merfolk
  A minotaur zombie (Crypt:2)
  A merfolk (shapeshifter) (D:13)
  7 polar bears
  3 meliai (D:15)
  3 red devils
  4 trolls
  A wolf spider simulacrum (Abyss:4)
  4 wind drakes
  2 wind drakes (shapeshifter)
  8 hornets
  A hornet (shapeshifter) (Elf:3)
  Prince Ribbit (D:7)
  25 jumping spiders
  7 blink frogs
  An alligator zombie (Crypt:1)
  26 raiju
  8 dream sheep
  A hydra skeleton (Abyss:4)
  6 hippogriffs
  63 slime creatures
  An ettin zombie (Zig:9)
  A minotaur skeleton (Crypt:1)
  2 bog bodies (Zig:5)
  A dream sheep (shapeshifter) (Vaults:5)
  A frost giant simulacrum (Vaults:3)
  7 snapping turtles
  A deep troll skeleton (WizLab)
  76 redbacks
  48 flying skulls
  2 ushabtiu (Tomb:1)
  26 water elementals
  An ice dragon skeleton (Crypt:3)
  10 spriggans (Lair:6)
  12 shadows
  24 tarantellas
  3 ettin skeletons
  5 ynoxinuls
  A black mamba zombie (Crypt:3)
  2 yaks (shapeshifter)
  40 yaks
  4 air elementals
  2 alligator skeletons (Volcano)
  A spriggan (shapeshifter) (Elf:1)
  13 wraiths
  5 fire dragon skeletons (Crypt:3)
  2 basilisks (Lair:3)
  7 vampires
  2 golden eyes (shapeshifter)
  4 hogs
  A human (D:6)
  4 fire bats (D:14)
  6 golden eyes (Abyss:4)
  7 fire elementals
  7 neqoxecs
  5 vampire mosquitoes
  4 hungry ghosts
  8 chaos spawn
  2 elf skeletons (Depths:2)
  2 insubstantial wisps (WizLab)
  2 spatial vortices
  2 wargs
  5 porcupines
  A glowing shapeshifter zombie (Crypt:1)
  3 acid dragons
  A deep troll zombie (Vaults:2)
  2 floating eyes
  22 hell hounds
  19 soldier ants
  13 water moccasins
  An infernal demonspawn skeleton (Crypt:2)
  36 orc warriors
  3 black bears (shapeshifter)
  3 hornet zombies
  3 sky beasts
  A swamp dragon zombie (Crypt:3)
  An elephant zombie (Crypt:2)
  7 eyes of draining
  8 necrophages
  3 ice beasts
  2 ice dragon simulacra (Crypt:2)
  2 swamp drakes
  26 starcursed masses
  5 black bears
  46 ogres
  A phantom (Zig:9)
  6 boggarts
  A tengu (shapeshifter) (Vaults:5)
  29 wolves
  19 centaurs
  11 crocodiles
  A human zombie (Vaults:2)
  6 big kobolds
  18 bullfrogs
  4 earth elementals
  4 elf zombies (Elf:1)
  35 small abominations
  2 human skeletons
  A komodo dragon skeleton (Crypt:2)
  7 scorpions
  28 killer bees
  A warg skeleton (Crypt:2)
  15 wights
  7 howler monkeys
  6 electric eels
  2 troll skeletons (Volcano)
  2 lava snakes (D:14)
  5 crimson imps
  A bullfrog zombie (D:7)
  2 centaur zombies
  7 hounds
  3 quasits
  3 bullfrog skeletons
  A gnoll shaman (D:7)
  20 orc priests
  Crazy Yiuf (D:4)
  5 iguanas
  4 iron imps
  5 jellies
  33 orc wizards
  Natasha (thrice) (D:4)
  A lightning spire (Zig:10)
  23 worker ants
  A dwarf skeleton (Crypt:1)
  6 naga skeletons
  2 hound skeletons
  10 mummies (Tomb:1)
  2 worker ant zombies
  14 adders
  9 gnolls
  A scorpion zombie (Crypt:1)
  A howler monkey skeleton (D:7)
  4 shadow imps
  3 white imps
  6 ufetubi
  A lava snake skeleton (Crypt:1)
  An adder skeleton (D:5)
  5 worms (D:2)
  4 dart slugs
  4 leopard geckos
  116 orcs
  4 ball pythons
  7 bats
  4 giant cockroaches
  7 goblins
  6 hobgoblins
  15 jackals
  6 quokkas
  6 frilled lizards
  A jackal skeleton (Crypt:1)
  45 kobolds
  A leopard gecko skeleton (D:8)
  10 rats
  A river rat skeleton (Crypt:1)
  A river rat zombie (Crypt:2)
  3 fire vortices (D:14)
  3 lurking horrors
  2 macabre masses (Abyss:4)
  11 starspawn tentacles
2951 creatures vanquished.

Vanquished Creatures (collateral kills)
  A caustic shrike (Depths:4)
  Aizul (Vaults:4)
  An ironheart preserver (Vaults:4)
  An emperor scorpion (Spider:1)
  A deep elf elementalist (Elf:3)
  A deep elf death mage (Crypt:1)
  A hydra (Lair:6)
  A hell hog (Zig:9)
  A fire giant zombie (Zig:9)
  A vault sentinel (Vaults:4)
  A spriggan zombie (Zig:9)
  A tormentor (Zig:9)
  An efreet (Zig:6)
  A flying skull (Zig:9)
  A redback (Spider:3)
  A basilisk (D:15)
  An orc warrior (Vaults:4)
17 creatures vanquished.

Vanquished Creatures (others)
  A golden dragon (Depths:5)
  A deep elf master archer (Elf:3)
  A deep elf sorcerer (Elf:2)
  A draconian scorcher (Abyss:4)
  An emperor scorpion (Spider:4)
  4 stone giants
  A red draconian (Depths:5)
  A great orb of eyes (Depths:4)
  3 yaktaur captains
  2 centaur warriors
  25 dancing weapons
  2 deep troll earth magi
  A deep elf knight (Elf:2)
  An unseen horror (Vaults:1)
  A swamp dragon (shapeshifter) (Vaults:5)
  A deep elf archer (Abyss:3)
  A cyclops (Shoals:4)
  3 large abominations (Abyss:4)
  8 yaktaurs
  A shadow (D:12)
  A fire elemental (Elf:1)
  A golden eye (shapeshifter) (Vaults:4)
  3 golden eyes (Abyss:4)
  A neqoxec (Abyss:3)
  2 small abominations (Abyss:4)
  An ogre (Vaults:5)
  2 orcs
  4 kobolds (D:7)
  An orc skeleton (Crypt:2)
  3 briar patches (Zig:5)
  12 bushes
  11 demonic plants (Abyss:3)
  2 fungi
  3 lurking horrors
  19 plants
  A spectral weapon (Depths:2)
  28 starspawn tentacles
  14 withered plants (Crypt:3)
169 creatures vanquished.

Grand Total: 3137 creatures vanquished

Notes
Turn   | Place    | Note
-------+----------+-------------------------------------------
     0 | D:1      | Charly the Merfolk Gladiator began the quest for the Orb.
     0 | D:1      | Reached XP level 1. HP: 16/16 MP: 1/1
   113 | D:1      | Reached skill level 5 in Polearms
   127 | D:1      | Reached XP level 2. HP: 22/22 MP: 2/2
   414 | D:1      | Reached skill level 6 in Polearms
   414 | D:1      | Reached XP level 3. HP: 26/27 MP: 3/3
   650 | D:1      | Reached skill level 7 in Polearms
   650 | D:1      | Reached XP level 4. HP: 17/33 MP: 4/4
   779 | D:2      | Found a glowing silver altar of Zin.
  1027 | D:2      | Reached skill level 8 in Polearms
  1057 | D:2      | Reached XP level 5. HP: 38/38 MP: 5/5
  1727 | D:3      | neteste..
  2108 | D:4      | Noticed an ogre
  2116 | D:4      | Killed an ogre
  2116 | D:4      | Reached skill level 9 in Polearms
  2116 | D:4      | Reached XP level 6. HP: 44/44 MP: 6/6
  2671 | D:4      | Reached skill level 10 in Polearms
  2780 | D:4      | Reached skill level 5 in Dodging
  2780 | D:4      | Reached XP level 7. HP: 52/52 MP: 7/7
  2855 | D:4      | Identified the Tome of Supportive Ice
  2972 | D:4      | Noticed Natasha
  2988 | D:4      | Killed Natasha
  3214 | D:4      | Noticed Natasha
  3226 | D:4      | Killed Natasha
  3475 | D:4      | Found a runed door.
  3591 | D:5      | Entered Level 5 of the Dungeon
  4529 | D:4      | Reached skill level 11 in Polearms
  4627 | D:4      | Reached XP level 8. HP: 50/60 MP: 8/8
  4803 | D:5      | Reached skill level 12 in Polearms
  4971 | D:4      | Noticed Natasha
  4979 | D:4      | Killed Natasha
  5093 | D:5      | Reached skill level 1 in Shields
  5715 | D:6      | Reached skill level 5 in Fighting
  5990 | D:6      | Found a staircase to the Ecumenical Temple.
  6028 | Temple   | Entered the Ecumenical Temple
  6033 | Temple   | Became a worshipper of Gozag Ym Sagoz the Greedy
  6129 | D:6      | Found a burning altar of Makhleb.
  6193 | D:6      | Reached XP level 9. HP: 50/68 MP: 9/9
  6426 | D:6      | Reached skill level 13 in Polearms
  7522 | D:7      | Noticed Ketzopolo's ghost (novice DEFE)
  7951 | D:7      | Reached skill level 5 in Shields
  8262 | D:6      | Reached skill level 14 in Polearms
  8469 | D:7      | Noticed Prince Ribbit
  8814 | D:6      | Reached XP level 10. HP: 64/76 MP: 10/10
  9556 | D:7      | Killed Prince Ribbit
  9990 | D:8      | Noticed Megalobster's ghost (novice SpEn)
 10159 | D:8      | Noticed a two-headed ogre
 10179 | D:8      | Killed a two-headed ogre
 10465 | D:9      | Bought a glowing bardiche for 252 gold pieces
 10591 | D:9      | Noticed Erolcha
 10604 | D:9      | Killed Erolcha
 10604 | D:9      | Reached skill level 15 in Polearms
 10668 | D:9      | Reached skill level 16 in Polearms
 10909 | D:9      | Reached XP level 11. HP: 77/84 MP: 11/11
 11569 | D:10     | Entered Level 10 of the Dungeon
 11709 | D:10     | Reached skill level 17 in Polearms
 11885 | D:10     | Found a staircase to the Lair.
 11997 | D:10     | Noticed vishdafish's ghost (novice DsSk)
 12006 | D:10     | Killed vishdafish's ghost
 12700 | Lair:1   | Entered Level 1 of the Lair of Beasts
 12824 | Lair:1   | Reached skill level 18 in Polearms
 13192 | Lair:1   | Got a scorched leather armour
 13203 | Lair:1   | Identified the +2 leather armour of Giryloy {rPois} (You found it on level 1 of the Lair of Beasts)
 13288 | Lair:1   | Reached skill level 19 in Polearms
 14208 | Lair:2   | Reached XP level 12. HP: 91/91 MP: 12/12
 14212 | Lair:2   | Reached skill level 20 in Polearms
 14756 | Lair:3   | Reached skill level 10 in Dodging
 15502 | Lair:4   | Found a hole to the Spider Nest.
 15634 | Lair:4   | Found a staircase to the Shoals.
 15897 | Lair:4   | Got an encrusted leather armour
 15908 | Lair:4   | Identified the +2 leather armour "Tiwung" {MR+ Slay+2} (You found it on level 4 of the Lair of Beasts)
 15988 | Lair:4   | Noticed a death yak
 16012 | Lair:4   | Killed a death yak
 16038 | Lair:4   | Noticed a death yak
 16039 | Lair:4   | Noticed a death yak
 16061 | Lair:4   | Killed a death yak
 16074 | Lair:4   | Killed a death yak
 16081 | Lair:4   | Noticed a death yak
 16081 | Lair:4   | Noticed a death yak
 16082 | Lair:4   | Noticed a death yak
 16104 | Lair:4   | Noticed a death yak
 16124 | Lair:4   | Killed a death yak
 16136 | Lair:4   | Noticed a death yak
 16137 | Lair:4   | Noticed a death yak
 16195 | Lair:4   | Noticed a death yak
 16266 | Lair:4   | Killed a death yak
 16267 | Lair:4   | Killed a death yak
 16267 | Lair:4   | Reached skill level 21 in Polearms
 16478 | Lair:4   | Killed a death yak
 16483 | Lair:4   | Killed a death yak
 16483 | Lair:4   | Reached XP level 13. HP: 70/101 MP: 13/13
 17158 | D:8      | Killed Megalobster's ghost
 17158 | D:8      | Reached skill level 10 in Fighting
 17414 | D:7      | Killed Ketzopolo's ghost
 17561 | D:4      | Noticed Crazy Yiuf
 17564 | D:4      | Killed Crazy Yiuf
 17818 | D:10     | Bought the ring "Zuyra" {rC+ Dex+3} for 497 gold pieces
 17818 | D:10     | Bought the ring "Vocidgha" {rPois MR+} for 470 gold pieces
 18095 | D:11     | Noticed Gastronok
 18461 | D:11     | Found a frozen archway.
 19116 | D:12     | Noticed a yaktaur captain
 19119 | D:12     | Noticed a fire giant
 19256 | D:12     | Reached skill level 22 in Polearms
 19995 | Lair:5   | Found a staircase to the Slime Pits.
 20274 | Lair:5   | Reached XP level 14. HP: 113/113 MP: 14/14
 20502 | Lair:5   | Noticed an entropy weaver
 20519 | Lair:5   | Killed an entropy weaver
 20554 | Lair:5   | Noticed an entropy weaver
 20593 | Lair:5   | Killed an entropy weaver
 20857 | Lair:6   | Entered Level 6 of the Lair of Beasts
 20992 | Lair:6   | Reached skill level 1 in Evocations
 21774 | Lair:6   | Reached skill level 15 in Dodging
 22240 | D:10     | Bought the ring of Anwoy {+Inv rF+ Int+3} for 477 gold pieces
 22240 | D:10     | Bought an uncursed ring of see invisible for 195 gold pieces
 22357 | D:12     | Killed a fire giant
 22402 | D:12     | Reached skill level 23 in Polearms
 22436 | D:12     | Noticed a fire giant
 22606 | D:12     | Killed a fire giant
 22621 | D:12     | Reached XP level 15. HP: 110/122 MP: 18/18
 22648 | D:12     | Found a staircase to the Orcish Mines.
 22764 | D:12     | Found the +9 sword of Zonguldrok {reap}
 22786 | D:12     | Found Wotunteqa's Armour Emporium.
 23051 | Orc:1    | Entered Level 1 of the Orcish Mines
 23553 | Orc:2    | Entered Level 2 of the Orcish Mines
 23821 | Orc:2    | Found a staircase to the Elven Halls.
 23852 | Orc:2    | Found a dark tunnel.
 23859 | Volcano  | Entered a volcano
 23882 | Volcano  | Noticed mortelune's ghost (journeyman DrFE)
 23896 | Volcano  | Killed mortelune's ghost
 23896 | Volcano  | Reached skill level 5 in Evocations
 24591 | Orc:2    | Found a roughly hewn altar of Beogh.
 24771 | Orc:2    | Noticed an orc warlord
 24790 | Orc:2    | Paralysed by an orc sorcerer for 4 turns
 24801 | Orc:2    | Killed an orc warlord
 24864 | Orc:2    | Found Pewiu's Antique Weapon Shoppe.
 24865 | Orc:2    | Found a roughly hewn altar of Beogh.
 24880 | Orc:2    | Found Maoh's Antique Armour Emporium.
 24950 | Orc:2    | Found a roughly hewn altar of Beogh.
 24951 | Orc:2    | Found Zoutit's Book Emporium.
 25074 | Orc:2    | Found a roughly hewn altar of Beogh.
 25090 | Orc:2    | Found Votie's Gadget Boutique.
 25153 | Orc:2    | Bought an ichor-stained scale mail for 342 gold pieces
 25163 | Orc:2    | Identified the +4 scale mail of Prudence {Stlth+} (You bought it in a shop on level 2 of the Orcish Mines)
 25180 | Orc:2    | Bought the +8 trident of the Octopus King {venom, rElec rPois MR+} for 1768 gold pieces
 25180 | Orc:2    | Found the +8 trident of the Octopus King {venom, rElec rPois MR+}
 25793 | D:13     | Found a gate to the Vaults.
 26013 | D:14     | Noticed Snorg
 26025 | D:14     | Killed Snorg
 26100 | D:14     | Noticed Azrael
 26115 | D:14     | Killed Azrael
 26388 | D:14     | Reached XP level 16. HP: 90/133 MP: 18/21
 26685 | D:14     | Reached skill level 24 in Polearms
 26724 | D:14     | Found a portal to a secret trove of treasure.
 26914 | D:14     | Got an ivory shortbow
 26915 | D:14     | Identified the +9 shortbow "Plog" {flame, rElec} (You found it on level 14 of the Dungeon)
 27090 | D:15     | Entered Level 15 of the Dungeon
 27172 | D:15     | Found an opulent altar of Gozag.
 27376 | D:15     | Found Gontoihy's Jewellery Emporium.
 27470 | D:15     | Noticed Roxanne
 27482 | D:15     | Found an iron altar of Okawaru.
 27997 | D:15     | Found a staircase to the Depths.
 28317 | D:15     | Bought the +2 pair of gloves of the Ten Cities {+Blink rN++ Str-4} for 397 gold pieces
 28317 | D:15     | Bought the +2 cloak of the Thief {+Fog Slay-2 SInv Stlth+} for 261 gold pieces
 28317 | D:15     | Found the +2 cloak of the Thief {+Fog Slay-2 SInv Stlth+}
 28317 | D:15     | Bought a +0 pair of boots of stealth for 149 gold pieces
 28576 | Spider:1 | Entered Level 1 of the Spider Nest
 28951 | Spider:1 | Learned a level 1 spell: Apportation
 28953 | Spider:1 | Learned a level 1 spell: Summon Butterflies
 28957 | Spider:1 | Learned a level 3 spell: Lesser Beckoning
 28961 | Spider:1 | Learned a level 3 spell: Regeneration
 28965 | Spider:1 | Learned a level 3 spell: Spectral Weapon
 30182 | Spider:3 | Reached skill level 15 in Fighting
 30194 | Spider:3 | Noticed Nikola
 30239 | Spider:3 | Killed Nikola
 30239 | Spider:3 | Reached XP level 17. HP: 117/142 MP: 18/24
 30872 | Shoals:1 | Entered Level 1 of the Shoals
 31561 | Shoals:2 | Reached skill level 10 in Evocations
 31566 | Shoals:2 | Reached skill level 25 in Polearms
 32016 | Shoals:2 | Noticed Donald
 32143 | Shoals:2 | Killed Donald
 32685 | Shoals:3 | Noticed Louise
 32806 | Shoals:3 | Killed Louise
 33017 | Shoals:3 | Found Suats's Antique Weapon Shoppe.
 33080 | Shoals:4 | Entered Level 4 of the Shoals
 33319 | Shoals:4 | Reached XP level 18. HP: 148/151 MP: 23/25
 33372 | Shoals:4 | Reached skill level 10 in Shields
 33485 | Shoals:4 | Got a shimmering bone ring
 33487 | Shoals:4 | Identified the cursed ring of Vosuidul {-Tele rPois rF++ Int+4 Dex-6} (You took it off a merfolk on level 4 of the Shoals)
 33517 | Shoals:4 | Got a barnacled rune of Zot
 33831 | Shoals:4 | Noticed Ilsuiw
 33919 | Shoals:4 | Killed Ilsuiw
 34559 | Lair:4   | Learned a level 6 spell: Invisibility
 34561 | Lair:4   | Bought the +0 pair of fencer's gloves {+Riposte Dex+3} for 680 gold pieces
 34561 | Lair:4   | Found the +0 pair of fencer's gloves {+Riposte Dex+3}
 34645 | Spider:4 | Entered Level 4 of the Spider Nest
 34682 | Spider:4 | Reached skill level 1 in Stealth
 35148 | Spider:4 | Noticed Asterion
 35425 | Spider:4 | Reached skill level 5 in Stealth
 35668 | Spider:4 | Reached XP level 19. HP: 157/157 MP: 0/27
 35769 | Spider:4 | Killed Asterion
 36016 | Spider:4 | Got a gossamer rune of Zot
 36378 | Vaults:1 | Entered Level 1 of the Vaults
 36528 | Vaults:1 | You fall through a shaft!
 36834 | Vaults:2 | Paralysed by a great orb of eyes for 5 turns
 38318 | Vaults:2 | Reached XP level 20. HP: 164/164 MP: 29/29
 38415 | Vaults:2 | Reached skill level 10 in Stealth
 39588 | Vaults:3 | Reached skill level 5 in Throwing
 39699 | Vaults:3 | You fall through a shaft!
 40588 | Vaults:3 | Reached skill level 1 in Summonings
 40603 | Vaults:3 | Reached skill level 1 in Spellcasting
 40606 | Vaults:3 | Reached XP level 21. HP: 171/171 MP: 31/31
 40769 | Vaults:3 | Found a staircase to the Crypt.
 41369 | Vaults:4 | Reached skill level 5 in Summonings
 41390 | Vaults:4 | Reached skill level 1 in Translocations
 41463 | Vaults:4 | Found a gateway to a bazaar.
 41472 | Bazaar   | Entered a bazaar
 41489 | Bazaar   | Found Rileret's Food Emporium.
 41502 | Bazaar   | Found Eliklim's Antique Weapon Emporium.
 41508 | Bazaar   | Bought a glowing bardiche for 252 gold pieces
 41521 | Bazaar   | Found Bomoleysch's Gadget Shoppe.
 41534 | Bazaar   | Found Muotu Veuse's Distillery.
 41538 | Bazaar   | Bought a potion of resistance for 150 gold pieces
 41538 | Bazaar   | Bought a potion of might for 60 gold pieces
 41538 | Bazaar   | Bought 2 potions of heal wounds for 150 gold pieces
 41538 | Bazaar   | Bought 2 potions of heal wounds for 150 gold pieces
 41538 | Bazaar   | Bought a potion of might for 60 gold pieces
 41538 | Bazaar   | Bought a potion of heal wounds for 75 gold pieces
 41569 | Bazaar   | Bought a wand of clouds (4) for 312 gold pieces
 41569 | Bazaar   | Bought a lamp of fire for 520 gold pieces
 41600 | Bazaar   | Bought a ration for 35 gold pieces
 41600 | Bazaar   | Bought a ration for 35 gold pieces
 41600 | Bazaar   | Bought a ration for 35 gold pieces
 41600 | Bazaar   | Bought a ration for 35 gold pieces
 41600 | Bazaar   | Bought a ration for 35 gold pieces
 41600 | Bazaar   | Bought a ration for 35 gold pieces
 41600 | Bazaar   | Bought a ration for 35 gold pieces
 41600 | Bazaar   | Bought a ration for 35 gold pieces
 41600 | Bazaar   | Bought a ration for 35 gold pieces
 41733 | Vaults:4 | Noticed Aizul
 41751 | Vaults:4 | Killed Aizul
 42484 | Elf:1    | Entered Level 1 of the Elven Halls
 42621 | Elf:1    | Identified the Reference Book on Unholy Magic
 42741 | Elf:1    | Cast into level 3 of the Abyss (a deep elf sorcerer)
 42744 | Abyss:3  | Found a corrupted altar of Lugonu.
 42773 | Abyss:3  | Learned a level 6 spell: Deflect Missiles
 42819 | Abyss:3  | Reached skill level 5 in Spellcasting
 42824 | Abyss:3  | Reached skill level 5 in Translocations
 42927 | Elf:1    | Escaped the Abyss
 43069 | Elf:1    | Reached skill level 1 in Charms
 43075 | Elf:1    | Reached skill level 1 in Hexes
 43685 | Elf:1    | Found an ancient bone altar of Kikubaaqudgha.
 43953 | Elf:2    | Found Geiruvug's Gadget Emporium.
 43995 | Elf:2    | Bought a wand of digging (14) for 576 gold pieces
 44031 | Elf:2    | Reached XP level 22. HP: 168/178 MP: 32/32
 44075 | Elf:2    | Found Foah's Gadget Shop.
 44243 | Elf:2    | Found Iddang Bays's Weapon Emporium.
 44284 | Elf:2    | Reached skill level 5 in Charms
 44401 | Elf:2    | Found Haummat's Antique Weapon Emporium.
 44443 | Elf:2    | Reached skill level 5 in Hexes
 44454 | Elf:2    | Found a huge runed gate.
 44456 | Elf:2    | Found a huge runed gate.
 44459 | Elf:2    | Found a huge runed gate.
 44949 | Elf:2    | Found Xistroath's Distillery.
 44957 | Elf:2    | Bought a potion of heal wounds for 65 gold pieces
 44957 | Elf:2    | Bought a potion of heal wounds for 65 gold pieces
 44957 | Elf:2    | Bought a potion of mutation for 104 gold pieces
 44957 | Elf:2    | Bought a potion of heal wounds for 65 gold pieces
 44957 | Elf:2    | Bought a potion of curing for 39 gold pieces
 44957 | Elf:2    | Gained mutation: Scrolls take you a little longer to read. [potion of mutation]
 44957 | Elf:2    | Gained mutation: You are somewhat resistant to further mutation. [potion of mutation]
 44957 | Elf:2    | Gained mutation: You are partially covered in iridescent scales. (AC +2) [potion of mutation]
 44958 | Elf:2    | Lost mutation: You are partially covered in iridescent scales. (AC +2) [potion of mutation]
 44958 | Elf:2    | Lost mutation: Scrolls take you a little longer to read. [potion of mutation]
 44958 | Elf:2    | Gained mutation: You are somewhat resistant to both further mutation and mutation removal. [potion of mutation]
 44958 | Elf:2    | Gained mutation: You have a pair of small horns on your head. [potion of mutation]
 44959 | Elf:2    | Gained mutation: Your mind is acute. (Int +2) [potion of mutation]
 44959 | Elf:2    | Gained mutation: You are occasionally teleported next to monsters. [potion of mutation]
 44994 | Elf:3    | Entered Level 3 of the Elven Halls
 45258 | Elf:3    | Reached skill level 1 in Air Magic
 45366 | Elf:3    | Found Fan Piod's Gadget Shoppe.
 45888 | Elf:3    | Got a steaming amethyst amulet
 45889 | Elf:3    | Identified the amulet "Xileytyw" {rPois Regen+ Str+3 Int+3 Dex+4} (You took it off a deep elf demonologist on level 3 of the Elven Halls)
 45890 | Elf:3    | Identified a scroll of acquirement
 46593 | Elf:3    | Got a smoking lead amulet
 46594 | Elf:3    | Identified the amulet "Kigaink" {rElec Regen+} (You took it off a deep elf elementalist on level 3 of the Elven Halls)
 46689 | Elf:3    | Identified the amulet "Hawnes" {Reflect Dex+3 SH+4} (You took it off a deep elf mage on level 3 of the Elven Halls)
 46801 | Elf:3    | Identified the cursed +1 scale mail of Atheism {rPois Dex+2} (You found it on level 3 of the Elven Halls)
 47187 | Elf:3    | Bought the ring of Robustness {AC+8} for 2304 gold pieces
 47187 | Elf:3    | Found the ring of Robustness {AC+8}
 47424 | Depths:1 | Entered Level 1 of the Depths
 47524 | Depths:1 | Found Putres's Jewellery Emporium.
 47524 | Depths:1 | Found Tuynun's Jewellery Emporium.
 47524 | Depths:1 | Found Boskyl's Gadget Shop.
 47561 | Depths:1 | Found a gateway to a ziggurat.
 47588 | Depths:1 | Reached skill level 5 in Air Magic
 47634 | Depths:1 | Noticed Amnesiac's ghost (adept FeEE)
 47644 | Depths:1 | Killed Amnesiac's ghost
 47644 | Depths:1 | Reached skill level 10 in Charms
 47644 | Depths:1 | Reached XP level 23. HP: 146/184 MP: 35/35
 48167 | Depths:1 | Found a gateway to Hell.
 48593 | Depths:2 | Noticed Sojobo
 48620 | Depths:2 | Killed Sojobo
 48740 | Depths:2 | Found a one-way gate to the infinite horrors of the Abyss.
 49331 | Depths:2 | Learned a level 6 spell: Dispersal
 49340 | Depths:2 | Learned a level 8 spell: Controlled Blink
 49947 | Depths:2 | Reached XP level 24. HP: 191/191 MP: 36/36
 50350 | Depths:2 | Got a slimy cloak
 50361 | Depths:2 | Identified the +1 cloak of the Land of Plenty {rN+ Dex+4 Stlth+} (You found it on level 2 of the Depths)
 50465 | Depths:3 | Found a one-way gate leading to the halls of Pandemonium.
 50761 | Depths:3 | Reached skill level 10 in Spellcasting
 50912 | Depths:3 | Lost mutation: You have a pair of small horns on your head. [potion of mutation]
 50912 | Depths:3 | Gained mutation: You are partially covered in icy blue scales. (AC +2) [potion of mutation]
 50912 | Depths:3 | Gained mutation: Your body sometimes deteriorates upon taking damage. [potion of mutation]
 51026 | Depths:3 | Found a magical portal.
 51031 | WizLab   | Entered The Roulette of Golubria
 51031 | WizLab   | Found a transporter.
 51061 | WizLab   | Found a corrupted altar of Lugonu.
 51095 | WizLab   | Found a transporter.
 51121 | WizLab   | Reached skill level 10 in Air Magic
 51155 | WizLab   | Found a transporter.
 51202 | WizLab   | Found a transporter.
 51221 | WizLab   | Found a transporter.
 51227 | WizLab   | Found a corrupted altar of Lugonu.
 51250 | WizLab   | Found a transporter.
 51280 | WizLab   | Found a transporter.
 51304 | WizLab   | Found a transporter.
 51344 | WizLab   | Found a transporter.
 51428 | WizLab   | Found a transporter.
 51506 | WizLab   | Found a transporter.
 51540 | WizLab   | Found a transporter.
 51586 | WizLab   | Found a transporter.
 51586 | WizLab   | Found a transporter.
 51590 | WizLab   | Found a transporter.
 51590 | WizLab   | Found a transporter.
 51776 | WizLab   | Got a distressingly furry cloak
 51781 | WizLab   | Got a dazzling cloak
 51783 | WizLab   | Got a shimmering cloak
 51794 | WizLab   | Identified the +2 cloak "Hallu" {Int+2} (You found it in a wizard's laboratory)
 51804 | WizLab   | Identified the +2 cloak of the Known World {-Cast +Fly rN++ Str+9} (You found it in a wizard's laboratory)
 51814 | WizLab   | Identified the cursed -7 cloak of Protective Custody {+Inv Slay+2} (You found it in a wizard's laboratory)
 51830 | WizLab   | Identified the Papyrus of the Compass
 51835 | WizLab   | Learned a level 2 spell: Blink
 52870 | Depths:4 | Found a transporter.
 52891 | Depths:4 | Found a transporter.
 53248 | Depths:4 | Noticed a juggernaut
 53251 | Depths:4 | Found a bloodstained altar of Trog.
 53252 | Depths:4 | Found the cursed necklace of Bloodlust {*Rage +Rage MR++ Int-3 Slay+6 *Curse}
 53661 | Depths:4 | Noticed a caustic shrike
 53662 | Depths:4 | Noticed a caustic shrike
 53664 | Depths:4 | Noticed a caustic shrike
 53665 | Depths:4 | Noticed a caustic shrike
 53669 | Depths:4 | Killed a caustic shrike
 53669 | Depths:4 | Reached skill level 15 in Shields
 53669 | Depths:4 | Reached XP level 25. HP: 187/200 MP: 37/37
 54016 | Depths:5 | Entered Level 5 of the Depths
 54250 | Depths:5 | Found a gate to the Realm of Zot.
 54660 | Depths:5 | Found a shattered altar of Ashenzari.
 55326 | Depths:4 | Found a runed door.
 55368 | Depths:4 | Killed a juggernaut
 55808 | Slime:1  | Entered Level 1 of the Pits of Slime
 55827 | Slime:1  | Paralysed by a great orb of eyes for 6 turns
 55831 | Slime:1  | Lost mutation: Your mind is acute. (Int +2) [a shining eye]
 55837 | Slime:1  | Gained mutation: You are frail. (-10% HP) [a shining eye]
 55839 | Slime:1  | Gained mutation: You are weak. (Str -2) [a shining eye]
 55868 | Slime:1  | Gained mutation: You are very weak. (Str -4) [a shining eye]
 56411 | Vaults:1 | Bought a heavily runed leather armour for 196 gold pieces
 56411 | Vaults:1 | Identified the +2 leather armour of Lucidity {+Blink} (You bought it in a shop on level 1 of the Vaults)
 56611 | Vaults:5 | Entered Level 5 of the Vaults
 57057 | Vaults:5 | Reached XP level 26. HP: 166/198 MP: 37/37
 57135 | Vaults:5 | Got a transparent bone ring
 57166 | Vaults:5 | Identified the ring "Riorufur" {rElec rPois} (You took it off a deep elf mage on level 5 of the Vaults)
 57544 | Vaults:5 | Got a silver rune of Zot
 57571 | Vaults:5 | Got a scintillating zirconium amulet
 57573 | Vaults:5 | Identified the amulet "Yjentaxt" {Inacc MP+9} (You found it on level 5 of the Vaults)
 57584 | Vaults:5 | Got a glittering golden amulet
 57586 | Vaults:5 | Identified the amulet of Twilight {RegenMP MR- Dex+3 Slay+2} (You took it off a yaktaur on level 5 of the Vaults)
 57591 | Vaults:5 | Got a scintillating steel ring
 57593 | Vaults:5 | Identified the ring "Dobaogute" {rF+ Int+2} (You took it off a yaktaur on level 5 of the Vaults)
 58500 | Vaults:5 | Identified Naatoisch's Catalogue of Unstable Aid
 58591 | Vaults:5 | Identified the Compendium of the Oath
 58932 | Vaults:5 | Reached skill level 15 in Evocations
 59058 | Vaults:5 | Identified the Tome of Shifting Ice
 59069 | Vaults:5 | Got a fine large shield
 59075 | Vaults:5 | Identified the +1 large shield of the Modern Places {rF+ MR+ MP+9 Dex+4} (You took it off a deep elf high priest on level 5 of the Vaults)
 59536 | Vaults:1 | Bought the +9 scales of the Dragon King {rPois rF+ rC+ MR+} for 3494 gold pieces
 59536 | Vaults:1 | Found the +9 scales of the Dragon King {rPois rF+ rC+ MR+}
 59686 | Orc:2    | Bought a wand of digging (19) for 644 gold pieces
 59686 | Orc:2    | Bought a wand of digging (6) for 280 gold pieces
 59927 | Depths:2 | Voluntarily entered the Abyss.
 59961 | Abyss:1  | Reached skill level 1 in Armour
 60066 | Abyss:3  | Paralysed by accursed screaming for 2 turns
 60328 | Abyss:3  | Reached XP level 27. HP: 124/209 MP: 37/37
 60753 | Abyss:3  | Reached skill level 5 in Armour
 60761 | Abyss:3  | Gained mutation: Your magical capacity is low. (-10% MP) [a neqoxec]
 60828 | Abyss:3  | Identified the Reference Book on the Poisonous Entourage
 61513 | Abyss:4  | Found a corrupted altar of Lugonu.
 62041 | Abyss:4  | Got an abyssal rune of Zot
 62828 | Depths:2 | Escaped the Abyss
 62987 | D:14     | You showed the abyssal rune of Zot to enter a treasure trove
 62988 | Trove    | Entered a treasure trove
 62998 | Trove    | Identified the cursed +1 chain mail of Honesty {-Tele *Corrode +Inv Stlth+} (You found it in a treasure trove)
 63011 | Trove    | Got a faintly glowing bronze ring
 63013 | Trove    | Identified the ring "Fiocikocs" {rF+ Int+2} (You found it in a treasure trove)
 63024 | Trove    | Got a coiled graven amulet
 63025 | Trove    | Identified the amulet of Pragmatism {Spirit rF+} (You found it in a treasure trove)
 63038 | D:14     | Bought a potion of agility for 60 gold pieces
 63038 | D:14     | Bought a potion of curing for 45 gold pieces
 63038 | D:14     | Bought a potion of heal wounds for 75 gold pieces
 63038 | D:14     | Bought a potion of might for 60 gold pieces
 63038 | D:14     | Bought a potion of haste for 150 gold pieces
 63038 | D:14     | Bought 2 potions of curing for 90 gold pieces
 63038 | D:14     | Bought a potion of curing for 45 gold pieces
 63038 | D:14     | Bought a potion of berserk rage for 75 gold pieces
 63038 | D:14     | Bought a potion of haste for 150 gold pieces
 63219 | Temple   | Fell from the grace of Gozag
 63219 | Temple   | Became a worshipper of the Shining One
 63635 | Elf:3    | Bought a phantom mirror for 570 gold pieces
 63635 | Elf:3    | Bought a phantom mirror for 570 gold pieces
 63961 | Crypt:1  | Entered Level 1 of the Crypt
 64048 | Crypt:1  | Reached * piety under the Shining One
 64053 | Crypt:1  | Reached skill level 10 in Armour
 64150 | Crypt:1  | Reached ** piety under the Shining One
 64266 | Crypt:1  | Reached *** piety under the Shining One
 64659 | Crypt:1  | Found an ancient bone altar of Kikubaaqudgha.
 64771 | Crypt:1  | Reached **** piety under the Shining One
 65189 | Crypt:2  | Reached ***** piety under the Shining One
 65342 | Crypt:2  | Reached skill level 1 in Invocations
 65985 | Crypt:2  | Reached ****** piety under the Shining One
 65998 | Crypt:2  | Identified a +9 trishula of holy wrath (a +9 demon trident of freezing blessed by the Shining One)
 65998 | Crypt:2  | Received a gift from the Shining One
 66074 | Crypt:3  | Entered Level 3 of the Crypt
 66362 | Crypt:3  | Reached skill level 5 in Invocations
 66511 | Crypt:3  | Noticed an ancient lich
 66515 | Crypt:3  | Killed an ancient lich
 66517 | Crypt:3  | Found a staircase to the Tomb.
 66537 | Crypt:3  | Noticed an ancient lich
 66543 | Crypt:3  | Killed an ancient lich
 66546 | Crypt:3  | Noticed an ancient lich
 66556 | Crypt:3  | Killed an ancient lich
 66595 | Crypt:3  | Noticed an ancient lich
 66604 | Crypt:3  | Killed an ancient lich
 66615 | Crypt:3  | Found an ancient bone altar of Kikubaaqudgha.
 67903 | Zig:1    | Entered Level 1 of a ziggurat
 67924 | Zig:2    | Entered Level 2 of a ziggurat
 67958 | Zig:3    | Entered Level 3 of a ziggurat
 68002 | Zig:4    | Entered Level 4 of a ziggurat
 68050 | Zig:5    | Entered Level 5 of a ziggurat
 68054 | Zig:5    | Found the +1 cloak of Starlight {rElec rC+ EV+4 Stlth--}
 68128 | Zig:6    | Entered Level 6 of a ziggurat
 68134 | Zig:6    | Noticed an orb of fire
 68154 | Zig:6    | Killed an orb of fire
 68158 | Zig:6    | Reached skill level 10 in Invocations
 68178 | Zig:6    | Identified Dogaunla's Compendium of Harmful Heat
 68184 | Zig:7    | Entered Level 7 of a ziggurat
 68284 | Zig:8    | Entered Level 8 of a ziggurat
 68341 | Zig:8    | Gained mutation: Armour fits poorly on your strangely shaped body. [a shining eye]
 68366 | Zig:8    | Lost mutation: Armour fits poorly on your strangely shaped body. [potion of mutation]
 68370 | Zig:8    | Identified the Catalogue of Displaced Attacks
 68398 | Zig:8    | Identified the Catalogue of Creative Weightlessness
 68410 | Zig:9    | Entered Level 9 of a ziggurat
 68480 | Zig:10   | Entered Level 10 of a ziggurat
 68977 | D:2      | Fell from the grace of the Shining One
 68977 | D:2      | Became a worshipper of Zin the Law-Giver
 68977 | D:2      | Reached * piety under Zin
 68977 | D:2      | Reached ** piety under Zin
 68977 | D:2      | Reached *** piety under Zin
 68977 | D:2      | Reached **** piety under Zin
 68977 | D:2      | Reached ***** piety under Zin
 68978 | D:2      | Donated 1121 gold pieces to Zin
 69526 | Tomb:1   | Entered Level 1 of the Tomb of the Ancients
 69627 | Tomb:1   | Reached ****** piety under Zin
 69831 | Tomb:1   | Donated 590 gold pieces to Zin
 70056 | Tomb:1   | Identified the +9 plate armour of Words of Power {rPois MR+ Int+4} (You found it on level 1 of the Tomb of the Ancients)
 70374 | Tomb:1   | Identified the +8 plate armour "Kahus" {rElec rPois MR+} (You took it off a mummy priest on level 1 of the Tomb of the Ancients)
 70420 | Tomb:1   | Noticed a greater mummy
 70457 | Tomb:1   | Killed a greater mummy
 71584 | Slime:1  | HP: 7/209 [acid (4)]
 71584 | Slime:1  | Zin protects you from harm!
 71584 | Slime:1  | Zin protects you from harm!
 71586 | Slime:1  | HP: 2/209 [acid (4)]
 71587 | Slime:1  | Zin protects you from harm!
 71593 | Slime:1  | Slain by a slime creature

Vault maps used:
D:1:      kilobyte_arrival_exit_the_forest, solitary_fountain,
          columned_hall_lemuel
D:2:      old_standard_altar
D:3:      first_ration
D:4:      uniq_crazy_yiuf_cottage, uniq_natasha
D:6:      minmay_temple_entry_hall, bloody_makhleb
D:7:      kennysheep_kobold_camp, grunt_livestock, bh_walls_and_bars,
          uniq_prince_ribbit1
D:8:      serial_glass, glass_columns_b, glass_columns_a, glass_columns_b,
          glass_columns_b, glass_columns_a, glass_columns_b, glass_columns_c,
          glass_columns_a, glass_columns_b, glass_columns_b, glass_columns_b,
          glass_columns_c, glass_columns_a, glass_columns_c, serial_bayou_lake_a
D:9:      uniq_erolcha
D:10:     david_lair_shrubbed
D:11:     portal_ice_cave_demonic_guard, st_stairs_8, uniq_gastronok
D:12:     minmay_strange_plus, david_orc_3, serial_shops,
          nicolae_shop_statue_plus
D:13:     david_vaults_4
D:14:     enter_trove_3, minivault_19, minivault_1, hangedman_incinerator,
          uniq_azrael, uniq_snorg
D:15:     grunt_enter_depths_snipers, serial_shops, nicolae_shop_stone,
          lemuel_tele_altar, nicolae_gozag_seed_capital, uniq_roxanne
Temple:   compressed_dpeg_triangle_lava_temple
Lair:2:   grunt_megastairs_1
Lair:3:   lemuel_old_faithful, serial_bayou_shore_b
Lair:4:   minmay_shoals_entry_beasts, spider_nest_entry_webs, serial_forest,
          infiniplex_forest_end_2, infiniplex_forest_lined_3,
          infiniplex_forest_lined_2, infiniplex_forest_lined_room_2,
          infiniplex_forest_clump_double, infiniplex_forest_straight_4,
          beast_lair_carwin_7
Lair:5:   cheibrodos_lair_river_kwai, slime_dummy, zaba_antful_of_joy,
          grunt_megastairs_3, lemuel_fruit_fields
Lair:6:   minmay_lair_end_enchanted_forest, minmay_lindwurm_lava
Shoals:2: uniq_donald
Shoals:3: serial_shops, shop, uniq_louise
Shoals:4: shoals_end_hangedman, shoals_ilsuiw_alternative
Spider:1: spider_trap
Spider:2: spider_trap, guppyfry_spider_mini_3
Spider:3: nicolae_spider_cling_halls, uniq_nikola
Spider:4: grunt_spider_rune_circles, uniq_asterion
Orc:2:    grunt_orc_community_town_hall, grunt_orc_community_big_house_2,
          grunt_orc_community_big_house_1, grunt_orc_community_house_3,
          grunt_orc_community_house_1, grunt_orc_community_house_1,
          grunt_orc_community_house_2, enter_volcano_3
Elf:1:    minmay_the_grid_4x2, basic_altar, minmay_elf_necromancy,
          grunt_ministairs_13
Elf:2:    serial_shops, nicolae_shop_trees, shop_fountains, shop, shop,
          nicolae_shop_trees
Elf:3:    grunt_elf_hall_asides, serial_shops, nicolae_shop_statue_plus
Vaults:1: v_misc_28, ontoclasm_vaults_spin, dpeg_vaults_monster_row,
          v_alt_pattern_4
Vaults:2: nicolae_vaults_shelves_hall, v_alt_pattern_3, hangedman_vaults_stream,
          vaults_standard_mumra_lines, v_misc_29, grunt_vaults_swirl,
          kb_rosetta, hangedman_vaults_nodes, nicolae_vaults_little_squares_6,
          hangedman_vaults_capsules, v_misc_8, vaults_room_stairs_pillars,
          nicolae_vaults_circle_grid_b, grunt_vaults_hallway_short
Vaults:3: vaults_mumra_minichess, nicolae_vaults_network_quinsquares,
          nicolae_vaults_hallways_thing, ontoclasm_vaults_idyll,
          grunt_vaults_focal, vaults_room_pool, v_alt_pattern_2,
          vaults_standard_mumra_x, v_misc_13, nicolae_vaults_theta,
          nicolae_vaults_shelves_hall, v_misc_26, serial_ice_b,
          nicolae_vaults_yaktaur_gun_rack
Vaults:4: v_pattern_1, v_misc_2, nicolae_vaults_shelves_hall,
          hangedman_vaults_corner_blocks, ontoclasm_vaults_decontamination,
          ontoclasm_vaults_ring_small, nicolae_vaults_network_square, v_misc_23,
          nicolae_vaults_quartermaster, vaults_room_pools, vaults_mumra_chevron,
          nicolae_vaults_alarming, nicolae_vaults_diagonal_hallway_6,
          vaults_room_corners, serial_shops, bzr_entry_lakeside, uniq_aizul
Crypt:1:  basic_altar
Crypt:3:  quadcrypt_mu
Depths:1: enter_ziggurat_a, serial_bayou_shore_b, hellmouth_1,
          serial_bayou_pond_c, serial_bayou_pond_c, nrook_pool_corridor,
          kilobyte_rumbling_trees, minmay_shop_grove
Depths:2: minmay_skeleton_keep, infiniplex_staircase_zigzag_1,
          abyss_entry_small_statue_room, hell_entry, uniq_sojobo
Depths:3: kennysheep_water_balloons, serial_bayou_pond_a, grunt_hell_horde,
          abyss_entry_glasseish, special_room, mu_enter_wizlab_2, pan_entry,
          minmay_fountain_box, kennysheep_generic_room_8,
          infiniplex_staircase_split_hallway
Depths:4: emtedronai_trogs_sanctum, pf_coc_iceberg, abyss_entry,
          roderic_serpentine_path, minmay_misc_feat_tiny, spider_trap,
          infiniplex_staircase_spiral
Depths:5: grunt_crosshair, grunt_hell_entry_dis_grunt, rand_demon_pan_entry_3,
          small_chamber_with_monster, nicolae_ashenzari_panopticon,
          basic_stair_grate_trap
Abyss:1:  minivault_27, minivault_11
Abyss:3:  evilmike_abyss_exit_chaos, evilmike_abyss_exit_plants,
          grunt_abyss_rune_forest_and_sorcery
Abyss:4:  minivault_23, evilmike_nicolae_abyss_rune_containment_curve
Zig:5:    ziggurat_pillar_centre_c
Bazaar:   bazaar_long_row
Trove:    trove_simple
Volcano:  volcano_tomb
WizLab:   wizlab_golubria

Skill      XL: |  1  2  3  4  5  6  7  8  9 10 11 12 13 14 15 16 17 18 19 20 21 22 23 24 25 26 27 |
---------------+----------------------------------------------------------------------------------+-----
Polearms       | 5 6 7 8 9 10 11 12 14 16 19 21 22 23 24 25 | 25.2
Fighting       | 3 4 5 6 7 9 11 12 14 15 16 20 22 | 22.5
Dodging        | 5 6 7 8 9 12 13 15 16 17 18 19 20 21 22 | 22.4
Shields        | 2 5 6 8 12 13 14 15 16 18 | 18.2
Evocations     | 4 7 9 10 12 14 15 | 15.0
Stealth        | 5 9 10 | 10.0
Throwing       | 7 |  7.5
Summonings     | 1 5 |  5.0
Spellcasting   | 1 6 8 9 10 | 10.4
Translocations | 6 |  6.0
Charms         | 4 10 13 14 | 14.3
Hexes          | 4 6 |  6.3
Air Magic      | 5 8 10 | 10.1
Armour         | 3 14 | 14.1
Invocations    | 13 | 13.3

Action                   |  1- 3 |  4- 6 |  7- 9 | 10-12 | 13-15 | 16-18 | 19-21 | 22-24 | 25-27 || total
-------------------------+-------+-------+-------+-------+-------+-------+-------+-------+-------++-------
Melee: Trident           |    70 |   234 |   685 |   120 |     7 |    50 |    93 |    67 |   770 ||  2096
       Bardiche          |       |       |       |   362 |   995 |   718 |       |       |       ||  2075
       Tailslap          |       |       |       |       |     2 |    88 |    24 |    31 |     5 ||   150
       Demon trident     |       |       |       |       |       |   654 |  1622 |  1679 |  2571 ||  6526
       Headbutt          |       |       |       |       |       |       |       |   359 |       ||   359
       Trishula          |       |       |       |       |       |       |       |       |  1035 ||  1035
 Fire: Blowgun           |       |       |    29 |    44 |    21 |     8 |       |       |       ||   102
Throw: Tomahawk          |     8 |    14 |     5 |       |       |       |       |       |       ||    27
       Throwing net      |     2 |     1 |     1 |       |       |       |       |     9 |     1 ||    14
       Javelin           |       |       |       |    70 |    14 |     3 |       |    33 |     7 ||   127
 Cast: Regeneration      |       |       |       |       |       |       |       |     6 |     2 ||     8
       Deflect Missiles  |       |       |       |       |       |       |       |     1 |     3 ||     4
       Spectral Weapon   |       |       |       |       |       |       |       |     1 |       ||     1
       Summon Butterflie |       |       |       |       |       |       |       |       |     6 ||     6
       Blink             |       |       |       |       |       |       |       |       |     3 ||     3
       Apportation       |       |       |       |       |       |       |       |       |     1 ||     1
       Lesser Beckoning  |       |       |       |       |       |       |       |       |     1 ||     1
Invok: Call Merchant     |       |       |       |     1 |     1 |     2 |       |     3 |     4 ||    11
       Potion Petition   |       |       |       |     1 |     1 |       |       |       |       ||     2
       Vitalisation      |       |       |       |       |       |       |       |       |     2 ||     2
       Donate Gold       |       |       |       |       |       |       |       |       |     2 ||     2
       Divine Shield     |       |       |       |       |       |       |       |       |     2 ||     2
       Summon Divine War |       |       |       |       |       |       |       |       |     2 ||     2
       Cleansing Flame   |       |       |       |       |       |       |       |       |     1 ||     1
       Brand Weapon With |       |       |       |       |       |       |       |       |     1 ||     1
 Abil: Evoke Invisibilit |       |       |       |       |       |     1 |    13 |    15 |     9 ||    38
       Evoke Fog         |       |       |       |       |       |       |     1 |       |    11 ||    12
       Stop Flying       |       |       |       |       |       |       |       |       |     1 ||     1
Evoke: Wand              |       |       |     3 |    28 |    65 |    31 |     9 |    18 |    30 ||   184
       Phial of floods   |       |       |       |       |     1 |     5 |     2 |     4 |     5 ||    17
       Phantom mirror    |       |       |       |       |     1 |       |       |       |       ||     1
       Sack of spiders   |       |       |       |       |       |     2 |       |     2 |     8 ||    12
       Box of beasts     |       |       |       |       |       |     1 |       |       |       ||     1
       Lamp of fire      |       |       |       |       |       |       |       |     3 |     7 ||    10
       Fan of gales      |       |       |       |       |       |       |       |       |     2 ||     2
  Use: Scroll            |       |     3 |     9 |    15 |     7 |    17 |     6 |    20 |    32 ||   109
       Potion            |       |       |       |     2 |     1 |     3 |     3 |     7 |    17 ||    33
 Stab: Sleeping          |     6 |     1 |       |     4 |     2 |    12 |    42 |    52 |    14 ||   133
       Distracted        |       |       |     2 |     1 |    22 |    21 |    40 |    35 |    75 ||   196
       Held in net/web   |       |       |     2 |       |       |       |       |     2 |       ||     4
       Paralysed         |       |       |       |       |    12 |    15 |     2 |       |       ||    29
       Invisible         |       |       |       |       |       |     6 |   115 |   157 |    74 ||   352
  Eat: Chunk             |       |     6 |    10 |       |       |       |       |       |     2 ||    18
       Ration            |       |       |     3 |     7 |     9 |     9 |    10 |    11 |    21 ||    70
Armor: Leather armour    |    14 |    20 |    44 |    43 |    46 |   122 |    39 |    86 |    78 ||   492
       Gold dragon scale |       |       |       |       |       |       |       |       |   745 ||   745
Dodge: Dodged            |    36 |    72 |   221 |   253 |   562 |  1065 |   505 |   697 |  1098 ||  4509
       Deflected         |       |       |       |       |       |       |       |    16 |    32 ||    48
Block: Other             |       |       |    35 |    12 |       |       |       |       |       ||    47
       Reflection        |       |       |    15 |       |       |    24 |    67 |    54 |    46 ||   206
       Buckler           |       |       |    72 |       |       |       |       |       |       ||    72
       Shield            |       |       |    54 |    53 |       |   342 |   419 |   538 |   359 ||  1765
       Large shield      |       |       |       |       |       |       |       |       |  2199 ||  2199
       Rpst.: Demon trident |       |       |       |       |       |    33 |    85 |   117 |    96 ||   331
       Trident           |       |       |       |       |       |       |     4 |     2 |    26 ||    32
       Trishula          |       |       |       |       |       |       |       |       |    63 ||    63

Table legend:
 A = Spawn XP
 B = Non-spawn XP
 C = Spawn XP percentage of total XP
 D = Spawn monster count
 E = Non-spawn monster count
 F = Spawn count percentage of total count
 G = Total turns spent on level
                    A         B        C        D         E        F      G
               +---------+---------+-------+---------+---------+-------+---------
         Total |  127775 | 1555259 |   7.6 |     209 |    2803 |   6.9 | 71593
               +---------+---------+-------+---------+---------+-------+---------
           D:1 |       0 |      67 |   0.0 |       0 |      24 |   0.0 |   632
           D:2 |       0 |     116 |   0.0 |       0 |      30 |   0.0 |   785
           D:3 |       0 |      82 |   0.0 |       0 |      29 |   0.0 |   814
           D:4 |       0 |    1157 |   0.0 |       0 |      26 |   0.0 |  2935
           D:5 |       0 |     750 |   0.0 |       0 |      21 |   0.0 |   943
           D:6 |       0 |    1959 |   0.0 |       0 |      31 |   0.0 |  2243
           D:7 |       0 |    2112 |   0.0 |       0 |      50 |   0.0 |  1956
           D:8 |       0 |    2447 |   0.0 |       0 |      25 |   0.0 |  1365
           D:9 |       0 |    2610 |   0.0 |       0 |      34 |   0.0 |  1238
          D:10 |       0 |    2515 |   0.0 |       0 |      27 |   0.0 |  1617
          D:11 |       0 |    6999 |   0.0 |       0 |      50 |   0.0 |  1181
          D:12 |       0 |   16223 |   0.0 |       0 |      52 |   0.0 |  1630
          D:13 |       0 |    8122 |   0.0 |       0 |      32 |   0.0 |  1069
          D:14 |       0 |   22613 |   0.0 |       0 |      55 |   0.0 |  1399
          D:15 |       0 |   15989 |   0.0 |       0 |      41 |   0.0 |  1661
        Lair:1 |       0 |    4696 |   0.0 |       0 |      26 |   0.0 |  1467
        Lair:2 |       0 |    3312 |   0.0 |       0 |      19 |   0.0 |  1084
        Lair:3 |       0 |    2420 |   0.0 |       0 |       9 |   0.0 |   855
        Lair:4 |       0 |   12028 |   0.0 |       0 |      25 |   0.0 |  1549
        Lair:5 |       0 |   11426 |   0.0 |       0 |      46 |   0.0 |  1376
        Lair:6 |       0 |   16673 |   0.0 |       0 |      67 |   0.0 |  1251
      Shoals:1 |       0 |   12892 |   0.0 |       0 |      27 |   0.0 |   696
      Shoals:2 |       0 |   10357 |   0.0 |       0 |      20 |   0.0 |   802
      Shoals:3 |       0 |   17075 |   0.0 |       0 |      30 |   0.0 |   764
      Shoals:4 |       0 |   45802 |   0.0 |       0 |      78 |   0.0 |  1411
      Spider:1 |       0 |   15074 |   0.0 |       0 |      37 |   0.0 |   930
      Spider:2 |       0 |    7020 |   0.0 |       0 |      20 |   0.0 |   534
      Spider:3 |       0 |   16027 |   0.0 |       0 |      37 |   0.0 |   783
      Spider:4 |       0 |   48288 |   0.0 |       0 |      89 |   0.0 |  1444
       Slime:1 |       0 |   25765 |   0.0 |       0 |      41 |   0.0 |   776
       Slime:2 |       0 |    6269 |   0.0 |       0 |       9 |   0.0 |    58
         Orc:1 |       0 |    1493 |   0.0 |       0 |      24 |   0.0 |   931
         Orc:2 |       0 |    8772 |   0.0 |       0 |      85 |   0.0 |  1232
         Elf:1 |       0 |   39209 |   0.0 |       0 |      74 |   0.0 |  1340
         Elf:2 |       0 |   39991 |   0.0 |       0 |      57 |   0.0 |  1083
         Elf:3 |       0 |   59083 |   0.0 |       0 |      57 |   0.0 |  2430
      Vaults:1 |       0 |   44667 |   0.0 |       0 |      62 |   0.0 |  1677
      Vaults:2 |       0 |   67235 |   0.0 |       0 |     114 |   0.0 |  1867
      Vaults:3 |       0 |   55242 |   0.0 |       0 |      99 |   0.0 |  1795
      Vaults:4 |       0 |   47490 |   0.0 |       0 |      74 |   0.0 |  1357
      Vaults:5 |       0 |  156977 |   0.0 |       0 |     144 |   0.0 |  2813
       Crypt:1 |       0 |   42951 |   0.0 |       0 |      60 |   0.0 |  1220
       Crypt:2 |       0 |   25800 |   0.0 |       0 |      44 |   0.0 |   977
       Crypt:3 |       0 |   77044 |   0.0 |       0 |      81 |   0.0 |  1808
        Tomb:1 |       0 |   41268 |   0.0 |       0 |      52 |   0.0 |   966
      Depths:1 |       0 |   51161 |   0.0 |       0 |      71 |   0.0 |  1263
      Depths:2 |       0 |   95243 |   0.0 |       0 |     113 |   0.0 |  2021
      Depths:3 |       0 |   71723 |   0.0 |       0 |      89 |   0.0 |  1386
      Depths:4 |       0 |   76635 |   0.0 |       0 |      78 |   0.0 |  1617
      Depths:5 |       0 |   63018 |   0.0 |       0 |      63 |   0.0 |  1206
       Abyss:1 |    4732 |    2231 |  68.0 |       2 |       1 |  66.7 |    61
       Abyss:3 |   49633 |   28077 |  63.9 |      87 |      56 |  60.8 |  1667
       Abyss:4 |   73410 |   34678 |  67.9 |     120 |      66 |  64.5 |  1348
         Zig:1 |       0 |    1523 |   0.0 |       0 |       2 |   0.0 |    21
         Zig:2 |       0 |    1050 |   0.0 |       0 |       3 |   0.0 |    34
         Zig:3 |       0 |    2366 |   0.0 |       0 |       4 |   0.0 |    44
         Zig:4 |       0 |    6292 |   0.0 |       0 |       4 |   0.0 |    48
         Zig:5 |       0 |    5273 |   0.0 |       0 |       9 |   0.0 |    78
         Zig:6 |       0 |   14215 |   0.0 |       0 |       8 |   0.0 |    56
         Zig:7 |       0 |    7299 |   0.0 |       0 |      12 |   0.0 |   100
         Zig:8 |       0 |   10145 |   0.0 |       0 |      12 |   0.0 |   126
         Zig:9 |       0 |    5005 |   0.0 |       0 |      15 |   0.0 |    70
        Zig:10 |       0 |   10028 |   0.0 |       0 |      17 |   0.0 |    84
       Volcano |       0 |    6912 |   0.0 |       0 |      22 |   0.0 |   433
        WizLab |       0 |   16278 |   0.0 |       0 |      24 |   0.0 |   843
               +---------+---------+-------+---------+---------+-------+---------
